Workbook

Sheet Instructions for use
A1: Instructions
A3: On the INCOME tab enter your unit's name, charity number (if applicable) and year end date, in B3, B4 and B5 respectively . These will copy across to subsequent pages. Do not add these manually to the other sheets.
A5: On the INCOME tab enter all of the income for the year, starting in cell A8. Add the value into the relevant column of the sheet (for example column E for subscriptions income). In the method select the method of payment from the list. The sheet will add up the values in each column automatically and provide an overall total in cell O7. Use the reference column to record any additional information, for example if a girl is paying subscriptions in instalments, you can add in the instalment number for ease.
A7: All totals will copy across to the relevant subsequent pages.
A9: On the EXPENDITURE tab enter all of the expenditure for the year starting in cell A8. Add the value into the relevant column of the sheet (for example column F for subscriptions). In the method select the method of payment from the list. The sheet will add up the values in each column automatically and provide an overall total in cell P5. In the reference column you can add in detail about what the payment was for ease of reference or information that allows you to easily check amounts against the bank account / cash tin.
A11: In the STATEMENT OF INCOME AND PAYMENTS, the values for the current year will automatically copy for the previous sheets. Add in the values from the previous year in column D. The sheet will calculate the surplus / deficit for the year.
A13: In the STATEMENT OF BALANCES tab, add in the relevant start and end of year bank balances and the amount held in cash at the start and end of the year. Add in the value of any cheques written during the year, but not cashed at the year end. The values in B13 and B20 should be the same.
A15: In the TRUSTEES REPORT tab add in your district and division details (as relevant - delete one of the lines if you do not require both). Add in the name of the trustees (unit leaders), the registered address (as is registered with OSCR) and the total number of girls who have been in the unit within the year in line 25 (not necessarily all at the same time). In line 26, if your accounts vary significantly from those of the previous year, add in any reasons why this might be.
A17: In the INDEPENDENT EXAMINER tab, once the accounts have been examined, the independent examiner should add their name, address and signature.
A19: The STATEMENT OF BALANCES and TRUSTEES ANNUAL REPORT needs to be signed by the leader who prepared the accounts .
A21: 3RD PARTY FUNDRAISING: if your unit has raised money for another charity, the amount raised should be shown in the in the ‘INCOME’ tab, and the expenses/donation in the ‘EXPENDITURE’ tab. These 2 values must be the same. For example, if you hold a coffee morning for Children In Need, the money collected (i.e. £43.50) should be shown in ‘INCOME’ and £43.50 should be shown also in ‘EXPENDITURE’. This could be the whole £43.50 was donated to Children in Need, or £38 was donated to Children in Need & £5.50 was spent on tea/coffee/biscuits for the event. Please note: The money your unit receives in donations or subscriptions (whether OSCR registered or not) should be used for the unit, so should not be used to donate to other charities (i.e. rounding up the Payment to Children in Need to £50)
A23: Some things to be mindful of:
... A30: The independent examiner need not be an accountant. If you are having trouble finding someone to sign off your accounts, please speak to your commissioner in the first instance. The independent examiner should NOT be your local commissioner if she is linked at all with your unit (i.e. she is a leader within it, related to one of the leaders, is a bank signatory, or the registered contact for OSCR).

Sheet Income 
A1: INCOME
A3: Unit: | B3: 1st Alva Guides
A4: Charity number: | B4: SC040382
A5: Year end date: | B5: 31st March 2026
A6: Date | B6: Received from | C6: Method | D6: Reference | E6: From Bank | F6: Membership subscriptions | G6: Trips | H6: Residential events | I6: 3rd Party fundraising | J6: Unit fundraising | K6: Bank interest | L6: Donations received | M6: Gift aid | N6: Grants received | O6: Miscellaneous | P6: TOTAL | Q6: Check total | R6: drift
A7: TOTALS | F7: =SUM(F8:F393) -> 3015 | G7: =SUM(G8:G393) -> 1539 | H7: =SUM(H8:H393) -> 0 | I7: =SUM(I8:I393) -> 0 | J7: =SUM(J8:J393) -> 0 | K7: =SUM(K8:K393) -> 0 | L7: =SUM(L8:L393) -> 20.18 | M7: =SUM(M8:M393) -> 0 | ... O7: =SUM(O8:O393) -> 21.7 | P7: =SUM(F7:O7) -> 4595.88 | Q7: =SUM(P8:P148) -> 4595.88 | R7: =P7-Q7 -> 0
A8: 45750 | B8: NICOLA FINDLAY AMY BRYCE 00157738632BFYMHLW 090128 10 03APR25 15:20 | C8: Bank transfer | D8: Subs | E8: 45 | F8: 45 | P8: =SUM(F8:O8) -> 45
A9: 45750 | B9: NICOLA FINDLAY AMY BRYCE 00157738632BFYMHLM 090128 10 03APR25 15:19 | C9: Bank transfer | D9: Subs | E9: 45 | F9: 45 | P9: =SUM(F9:O9) -> 45
A10: 45769 | B10: STEPHEN TITTERINGT SOPHIE TITTERINGTO 00151655632BBKKLQQ 090126 10 22APR25 18:55 | C10: Bank transfer | D10: Subs | E10: 45 | F10: 45 | P10: =SUM(F10:O10) -> 45
A11: 45769 | B11: SPRUCE R & C SPRUCE SUBS 21101929464053000R 831518 10 22APR25 10:19 | C11: Bank transfer | D11: Subs | E11: 45 | F11: 45 | P11: =SUM(F11:O11) -> 45
A12: 45769 | B12: A HARROWER MIA H SUBS 600000001546020176 110895 10 22APR25 08:18 | C12: Bank transfer | D12: Subs | E12: 45 | F12: 45 | P12: =SUM(F12:O12) -> 45
A13: 45769 | B13: L HUNTER SUMMER FEE EVA H 500000001546255784 800677 10 22APR25 07:12 | C13: Bank transfer | D13: Subs | E13: 45 | F13: 45 | P13: =SUM(F13:O13) -> 45
A14: 45770 | B14: ALYSON IRVINE KAITLYN GARDNER 250423214858865623 874308 10 23APR25 21:48 | C14: Bank transfer | D14: Subs | E14: 45 | F14: 45 | P14: =SUM(F14:O14) -> 45
A15: 45770 | B15: E TYRRELL ROWAN T SUBS 400000001551963369 804614 10 23APR25 17:43 | C15: Bank transfer | D15: Subs | E15: 45 | F15: 45 | P15: =SUM(F15:O15) -> 45
A16: 45770 | B16: L HODGE LUCY HODGE 100000001537724549 804519 10 23APR25 10:29 | C16: Bank transfer | D16: Subs | E16: 45 | F16: 45 | P16: =SUM(F16:O16) -> 45
A17: 45770 | B17: JOANNE LAUDER ORLA WISHART FEES 250423073436035075 873451 10 23APR25 07:34 | C17: Bank transfer | D17: Subs | E17: 45 | F17: 45 | P17: =SUM(F17:O17) -> 45
A18: 45771 | B18: STEPHEN TITTERINGT SOPHIE TITTERINGTO 00151655632BBKKNFQ 090126 10 24APR25 17:02 | C18: Bank transfer | D18: Kayak | E18: 9 | G18: 9 | P18: =SUM(F18:O18) -> 9
A19: 45771 | B19: A HARROWER MIA H KAYAKING 400000001552429238 110895 10 24APR25 15:05 | C19: Bank transfer | D19: Kayak | E19: 9 | G19: 9 | P19: =SUM(F19:O19) -> 9
A20: 45771 | B20: MCEWAN L LORNA MCEWAN KAYAK 63124457128427000R 831603 10 24APR25 12:44 | C20: Bank transfer | D20: Kayak | E20: 9 | G20: 9 | P20: =SUM(F20:O20) -> 9
A21: 45771 | B21: MCEWAN L LORNA MCEWAN SUBS 44124425906693000R 831603 10 24APR25 12:44 | C21: Bank transfer | D21: Subs | E21: 45 | F21: 45 | P21: =SUM(F21:O21) -> 45
A22: 45771 | B22: N MURRAY EVE M FEES 100000001538334009 800528 10 24APR25 12:16 | C22: Bank transfer | D22: Subs | E22: 45 | F22: 45 | P22: =SUM(F22:O22) -> 45
A23: 45771 | B23: RYLES MRS K M CHALLENGE HIKE 40113010253734000R 831518 10 24APR25 11:30 | C23: Bank transfer | D23: Challenge Hike | E23: 5 | G23: 5 | P23: =SUM(F23:O23) -> 5
A24: 45771 | B24: RYLES MRS K M CHLOE RYLES 32112124467545000R 831518 10 24APR25 11:21 | C24: Bank transfer | D24: Subs | E24: 45 | F24: 45 | P24: =SUM(F24:O24) -> 45
A25: 45771 | B25: RYLES MRS K M CHLOE RYLES 15111817546914000R 831518 10 24APR25 11:18 | C25: Bank transfer | D25: Kayak | E25: 9 | G25: 9 | P25: =SUM(F25:O25) -> 9
A26: 45771 | B26: RYLES MRS K M FUN FALLS & FRISBE 63111505336539000R 831518 10 24APR25 11:15 | C26: Bank transfer | D26: Fun, Falls & Frisbe's | E26: 50 | G26: 50 | P26: =SUM(F26:O26) -> 50
A27: 45772 | B27: ALDERSON A & E DARCEY SUBS 54082810652094000R 832709 10 25APR25 08:28 | C27: Bank transfer | D27: Subs | E27: 45 | F27: 45 | P27: =SUM(F27:O27) -> 45
A28: 45775 | B28: LEDBETTER MOIRA LEADERS - 2 FP25118O04434314 070436 10 28APR25 17:50 | C28: Bank transfer | D28: Badge | E28: 1.7 | O28: 1.7 | P28: =SUM(F28:O28) -> 1.7
A29: 45775 | B29: NICOLA FINDLAY AMY BRYCE KAYAK 00157738632BFYZGMQ 090128 10 27APR25 08:06 | C29: Bank transfer | D29: Kayak | E29: 9 | G29: 9 | P29: =SUM(F29:O29) -> 9
A30: 45775 | B30: NICOLA FINDLAY AMY BRYCE HIKE 00157738632BFYZGMH 090128 10 27APR25 08:01 | C30: Bank transfer | D30: Challenge Hike | E30: 5 | G30: 5 | P30: =SUM(F30:O30) -> 5
A31: 45775 | B31: NICOLA FINDLAY AMY BRYCE 00157738632BFYZGMF 090128 10 27APR25 08:01 | C31: Bank transfer | D31: Subs | E31: 45 | F31: 45 | P31: =SUM(F31:O31) -> 45
A32: 45776 | B32: R HARROWER PENNY H SUBS 200000001546477495 804856 10 29APR25 09:18 | C32: Bank transfer | D32: Subs | E32: 35 | G32: 35 | P32: =SUM(F32:O32) -> 35
A33: 45777 | B33: ROSS TAYLOR EILIDH TAYLOR KAYA 00152053632CCBHNGT 090135 10 30APR25 18:40 | C33: Bank transfer | D33: Kayak | E33: 9 | G33: 9 | P33: =SUM(F33:O33) -> 9
A34: 45777 | B34: ROSS TAYLOR EILIDH TAYLOR SUB 00152053632CCBHNFV 090135 10 30APR25 18:39 | C34: Bank transfer | D34: Subs | E34: 45 | G34: 45 | P34: =SUM(F34:O34) -> 45
A35: 45777 | B35: R HARROWER PENNY H KAYAK 18TH 600000001551334460 804856 10 30APR25 18:01 | C35: Bank transfer | D35: Kayak | E35: 9 | G35: 9 | P35: =SUM(F35:O35) -> 9
A36: 45777 | B36: R HARROWER PENNY H SUBS 400000001556438053 804856 10 30APR25 18:01 | C36: Bank transfer | D36: Subs Balance | E36: 10 | G36: 10 | P36: =SUM(F36:O36) -> 10
A37: 45783 | B37: MCARTHUR K & R EVIEMCARTHUR 21172825522380000N 603021 10 05MAY25 17:28 | C37: Bank transfer | D37: Subs | E37: 45 | G37: 45 | P37: =SUM(F37:O37) -> 45
A38: 45783 | B38: RHONA FERRANS FERRANS - HIKE 250504220033762586 873764 10 04MAY25 22:00 | C38: Bank transfer | D38: Challenge Hike | E38: 10 | G38: 10 | P38: =SUM(F38:O38) -> 10
A39: 45783 | B39: RHONA FERRANS FERRANS - DUES 250504215555892408 873764 10 04MAY25 21:55 | C39: Bank transfer | D39: Subs X2 | E39: 90 | F39: 90 | P39: =SUM(F39:O39) -> 90
A40: 45783 | B40: RAMSAY ANNE LUCY RAMSAY SUBS FP25124O09826748 070116 10 04MAY25 18:22 | C40: Bank transfer | D40: Subs | E40: 45 | F40: 45 | P40: =SUM(F40:O40) -> 45
A41: 45784 | B41: C BRANDER FEES LEXI +POPPY 200000001551801680 804519 10 07MAY25 19:25 | C41: Bank transfer | D41: Subs X2 | E41: 90 | F41: 90 | P41: =SUM(F41:O41) -> 90
A42: 45785 | B42: AMANDA RYAN AVA COOK - FEES PDN8Q55CJRJH9BWYMZ 040004 10 08MAY25 10:43 | C42: Bank transfer | D42: Subs | E42: 45 | F42: 45 | P42: =SUM(F42:O42) -> 45
A43: 45785 | B43: JOANNE LAUDER ORLA WISHART HIKE 250508072140486817 873451 10 08MAY25 07:21 | C43: Bank transfer | D43: Challenge Hike | E43: 5 | G43: 5 | P43: =SUM(F43:O43) -> 5
A44: 45796 | B44: FORSYTH LAUREN ISLA F SUBS FP25137O19390981 070246 10 17MAY25 10:55 | C44: Bank transfer | D44: Subs | E44: 45 | F44: 45 | P44: =SUM(F44:O44) -> 45
A45: 45797 | B45: L HUNTER KAYAKING EVA H 500000001562870203 800677 10 20MAY25 21:47 | C45: Bank transfer | D45: Kayak | E45: 9 | G45: 9 | P45: =SUM(F45:O45) -> 9
A46: 45798 | B46: NICOLA FINDLAY AMY BRYCE 00157738632BFZNXGG 090128 10 21MAY25 19:08 | C46: Bank transfer | D46: Subs | E46: 45 | F46: 45 | P46: =SUM(F46:O46) -> 45
A47: 45799 | B47: K BARLOW EMILY B KAYAKING 500000001563574312 110975 10 22MAY25 10:37 | C47: Bank transfer | D47: Kayak | E47: 9 | G47: 9 | P47: =SUM(F47:O47) -> 9
A48: 45804 | B48: NICOLA FINDLAY AMY BRYCE 00157738632BFZQMWK 090128 10 24MAY25 22:14 | C48: Bank transfer | E48: 30 | G48: 30 | P48: =SUM(F48:O48) -> 30
A49: 45804 | B49: N MURRAY EVE M KAYAKING FEE 600000001564641229 800528 10 24MAY25 10:05 | C49: Bank transfer | D49: Kayak | E49: 9 | G49: 9 | P49: =SUM(F49:O49) -> 9
A50: 45804 | B50: SQ *GIRLGUIDING TA CD 9914 | C50: Bank transfer | D50: Refund | E50: 20 | O50: 20 | P50: =SUM(F50:O50) -> 20
A51: 45805 | B51: ALDERSON A & E DARCEY A KAYAKING 55075813223789000R 832709 10 28MAY25 07:58 | C51: Bank transfer | D51: Kayak | E51: 9 | G51: 9 | P51: =SUM(F51:O51) -> 9
A52: 45807 | B52: LEDBETTER MOIRA LEADERS - 2 FP25150O07803120 070436 10 30MAY25 15:43 | C52: Bank transfer | D52: Fun, Falls & Frisbe's | E52: 50 | G52: 50 | P52: =SUM(F52:O52) -> 50
A53: 45811 | B53: K BARLOW MOLLIE BARLOW FEES 200000001567322398 110975 10 03JUN25 21:05 | C53: Bank transfer | D53: Subs | E53: 45 | F53: 45 | P53: =SUM(F53:O53) -> 45
A54: 45811 | B54: K BARLOW EMILY BARLOW FEES 200000001567321849 110975 10 03JUN25 21:04 | C54: Bank transfer | D54: Subs | E54: 45 | F54: 45 | P54: =SUM(F54:O54) -> 45
A55: 45817 | B55: N RUSSELL IONA RUSSELL 200000001570485068 804519 10 09JUN25 16:28 | C55: Bank transfer | D55: Kayak | E55: 45 | G55: 9 | P55: =SUM(F55:O55) -> 9
A56: 45817 | B56: N RUSSELL IONA KAYAKING 300000001577910133 804519 10 09JUN25 16:28 | C56: Bank transfer | D56: Subs | E56: 9 | F56: 45 | P56: =SUM(F56:O56) -> 45
A57: 45818 | B57: RHONA FERRANS FERRANS - FOXFALL 250610130318034738 873764 10 10JUN25 13:03 | C57: Bank transfer | D57: Subs | E57: 60 | F57: 45 | P57: =SUM(F57:O57) -> 45
A58: 45818 | B58: L HUNTER CHLOE H KAYAKING 600000001574574736 804853 10 10JUN25 10:16 | C58: Bank transfer | D58: Kayak | E58: 9 | G58: 9 | P58: =SUM(G58:O58) -> 9
A59: 45818 | B59: L HUNTER CHLOE HUNTER SUBS 500000001574836153 804853 10 10JUN25 10:15 | C59: Bank transfer | D59: Fun, Falls & Frisbe's | E59: 45 | G59: 60 | P59: =SUM(F59:O59) -> 60
A60: 45824 | B60: JOANNE LAUDER ORLA WISHART FOXLA 250615130132848609 873451 10 15JUN25 13:01 | C60: Bank transfer | D60: Kayak | E60: 50 | G60: 9 | P60: =SUM(F60:O60) -> 9
A61: 45824 | B61: LAUREN FORSYTH ISLA F KAYAKING 78443863558196182 070246 10 14JUN25 09:09 | C61: Bank transfer | D61: Fun, Falls & Frisbe's | E61: 9 | G61: 50 | P61: =SUM(F61:O61) -> 50
A62: 45876 | B62: ALDERSON A & E DARCEY A SUBS 25140811071369000R 832709 10 07AUG25 14:08 | C62: Bank transfer | D62: Subs | E62: 45 | F62: 45 | P62: =SUM(F62:O62) -> 45
A63: 45876 | B63: ALDERSON A & E DARCEY A CAMP 08140749663746000R 832709 10 07AUG25 14:07 | C63: Bank transfer | D63: Camp | E63: 36 | G63: 36 | P63: =SUM(F63:O63) -> 36
A64: 45882 | B64: SPRUCE R & C SPRUCE SUBS 37222014751648000R 831518 10 13AUG25 22:20 | C64: Bank transfer | D64: Subs | E64: 45 | F64: 45 | P64: =SUM(F64:O64) -> 45
A65: 45882 | B65: N RUSSELL IONA RUSSELL 600000001611256767 804519 10 13AUG25 22:17 | C65: Bank transfer | D65: Subs | E65: 45 | F65: 45 | P65: =SUM(F65:O65) -> 45
A66: 45882 | B66: L HUNTER AUG SUBS EVA H 600000001611143005 804856 10 13AUG25 18:13 | C66: Bank transfer | D66: Subs | E66: 45 | F66: 45 | P66: =SUM(F66:O66) -> 45
A67: 45882 | B67: ROSS TAYLOR EILIDH TAYLOR CAMP 00152053632CCKWQLH 090135 10 13AUG25 18:09 | C67: Bank transfer | D67: Camp | E67: 36 | G67: 36 | P67: =SUM(F67:O67) -> 36
A68: 45882 | B68: ROSS TAYLOR EILIDH TAYLOR SUBS 00152053632CCKWQKV 090135 10 13AUG25 18:08 | C68: Bank transfer | D68: Subs | E68: 45 | F68: 45 | P68: =SUM(F68:O68) -> 45
A69: 45882 | B69: ALYSON IRVINE KAITLYN GARDNER 250813170308353027 874308 10 13AUG25 17:03 | C69: Bank transfer | D69: Subs | E69: 45 | F69: 45 | P69: =SUM(F69:O69) -> 45
A70: 45882 | B70: NICOLA FINDLAY AMY BRYCE 00157738632BGCLPCD 090128 10 13AUG25 15:22 | C70: Bank transfer | D70: Subs | E70: 45 | F70: 45 | P70: =SUM(F70:O70) -> 45
A71: 45882 | B71: ANNE RAMSAY LUCY RAMSAY SUBS 48031283274935916 070116 10 13AUG25 14:00 | C71: Bank transfer | D71: Subs | E71: 45 | F71: 45 | P71: =SUM(F71:O71) -> 45
A72: 45882 | B72: RYLES MRS K M CHLOE R UNIT CAMP 61132410662529000R 831518 10 13AUG25 13:24 | C72: Bank transfer | D72: Camp | E72: 36 | G72: 36 | P72: =SUM(F72:O72) -> 36
A73: 45882 | B73: RYLES MRS K M CHLOE R SUBS 06132217672774000R 831518 10 13AUG25 13:22 | C73: Bank transfer | D73: Subs | E73: 45 | F73: 45 | P73: =SUM(F73:O73) -> 45
A74: 45882 | B74: L HODGE LUCY HODGE 500000001611190351 804519 10 13AUG25 12:30 | C74: Bank transfer | D74: Subs | E74: 45 | F74: 45 | P74: =SUM(F74:O74) -> 45
A75: 45883 | B75: K BARLOW EMILY BARLOW CAMP 100000001602555743 110975 10 14AUG25 12:20 | C75: Bank transfer | D75: Camp | E75: 36 | G75: 36 | P75: =SUM(F75:O75) -> 36
A76: 45883 | B76: K BARLOW MOLLIE BARLOW CAMP 300000001615125734 110975 10 14AUG25 12:19 | C76: Bank transfer | D76: Camp | E76: 36 | G76: 36 | P76: =SUM(F76:O76) -> 36
A77: 45883 | B77: N MURRAY EVE MURRAY 400000001616492923 800528 10 14AUG25 11:06 | C77: Bank transfer | D77: Subs | E77: 45 | F77: 45 | P77: =SUM(F77:O77) -> 45
A78: 45883 | B78: R HARROWER PENNY H SUBS 600000001611341777 804856 10 14AUG25 08:01 | C78: Bank transfer | D78: Subs | E78: 45 | F78: 45 | P78: =SUM(F78:O78) -> 45
A79: 45889 | B79: NICOLA FINDLAY AMY BRYCE CAMP 00157738632BGCPQRH 090128 10 20AUG25 13:19 | C79: Bank transfer | D79: Camp | E79: 36 | G79: 36 | P79: =SUM(F79:O79) -> 36
A80: 45890 | B80: N RUSSELL IONA RUSSELL 100000001606176226 804519 10 21AUG25 09:29 | C80: Bank transfer | D80: Camp | E80: 36 | G80: 36 | P80: =SUM(F80:O80) -> 36
A81: 45895 | B81: LAUREN FORSYTH ISLA F TERM FEES 02769926307748473 070246 10 25AUG25 15:48 | C81: Bank transfer | D81: Subs | E81: 45 | F81: 45 | P81: =SUM(F81:O81) -> 45
A82: 45896 | B82: ANNE RAMSAY LUCY RAMSAY CAMP 64860652869579740 070116 10 27AUG25 07:58 | C82: Bank transfer | D82: Camp | E82: 36 | G82: 36 | P82: =SUM(F82:O82) -> 36
A83: 45898 | B83: JOANNE LAUDER ORLA W FEES/CAMP 250829135137141002 873451 10 29AUG25 13:51 | C83: Bank transfer | D83: Subs & Camp | E83: 81 | F83: 45 | G83: 36 | P83: =SUM(F83:O83) -> 81
A84: 45901 | B84: RHONA FERRANS FERRANS - CAMP 250901082016888177 873764 10 01SEP25 08:20 | C84: Bank transfer | D84: Camp | E84: 72 | G84: 72 | P84: =SUM(F84:O84) -> 72
A85: 45901 | B85: RHONA FERRANS FERRANS - DUES 250901081859618837 873764 10 01SEP25 08:19 | C85: Bank transfer | D85: Subs X2 | E85: 90 | F85: 90 | P85: =SUM(F85:O85) -> 90
A86: 45903 | B86: R HARROWER PENNY H CAMP 100000001614461907 804856 10 03SEP25 23:26 | C86: Bank transfer | D86: Camp | E86: 36 | G86: 36 | P86: =SUM(F86:O86) -> 36
A87: 45903 | B87: MCARTHUR K & R EVIEMCARTHUR 42185912320402000N 603021 10 03SEP25 18:59 | C87: Bank transfer | D87: Subs | E87: 45 | F87: 45 | P87: =SUM(F87:O87) -> 45
A88: 45905 | B88: KERR G T/MRS JA ANNABELLE STAVELEY 64023144800798000R 831515 40 05SEP25 03:25 | C88: Bank transfer | D88: Subs | E88: 45 | F88: 45 | P88: =SUM(F88:O88) -> 45
A89: 45909 | B89: MOIRA LEDBETTER LEADERS - 2 52795050505589129 070436 10 09SEP25 21:00 | C89: Bank transfer | D89: Camp | E89: 36 | G89: 36 | P89: =SUM(F89:O89) -> 36
A90: 45911 | B90: N MORGAN ERMORGAN SUBS/CAMP 100000001618331344 804856 10 11SEP25 08:54 | C90: Bank transfer | D90: Subs & Camp | E90: 81 | F90: 45 | G90: 36 | P90: =SUM(F90:O90) -> 81
A91: 45972 | B91: ALDERSON A & E DARCEY A BONFIRE 07204416659712000R 832709 10 11NOV25 20:44 | C91: Bank transfer | D91: Bonfire | E91: 5 | G91: 5 | P91: =SUM(F91:O91) -> 5
A92: 45973 | B92: ROSS TAYLOR EILIDH TAYLOR BONF HUBX15D7F3D748D558 090135 10 12NOV25 07:47 | C92: Bank transfer | D92: Bonfire | E92: 5 | G92: 5 | P92: =SUM(F92:O92) -> 5
A93: 45975 | B93: NICOLA FINDLAY AMY BRYCE BONFIRE HUBX35DEACD371CC77 090128 10 14NOV25 14:43 | C93: Bank transfer | D93: Bonfire | E93: 5 | G93: 5 | P93: =SUM(F93:O93) -> 5
A94: 45978 | B94: EASTON RH REINA 38120807620680000R 831515 10 15NOV25 12:08 | C94: Bank transfer | D94: Bonfire | E94: 5 | G94: 5 | P94: =SUM(F94:O94) -> 5
A95: 45987 | B95: LAUREN FORSYTH ISLA F ICE SKATING 89987645414438437 070246 10 26NOV25 20:35 | C95: Bank transfer | D95: Skating | E95: 10 | G95: 10 | P95: =SUM(F95:O95) -> 10
A96: 45987 | B96: ANNE RAMSAY LUCY RAMSAY CINEMA 13993749570186107 070116 10 26NOV25 18:30 | C96: Bank transfer | D96: Cinema | E96: 7 | G96: 7 | P96: =SUM(F96:O96) -> 7
A97: 45987 | B97: ALYSON IRVINE K GARDNER SKATING 251126180624070308 874308 10 26NOV25 18:06 | C97: Bank transfer | D97: Skating | E97: 10 | G97: 10 | P97: =SUM(F97:O97) -> 10
A98: 45988 | B98: NICOLA FINDLAY AMY BRYCE CINEMA HUBX67F2DFBBE21FE5 090128 10 27NOV25 10:10 | C98: Bank transfer | D98: Cinema | E98: 7 | G98: 7 | P98: =SUM(F98:O98) -> 7
A99: 45988 | B99: NICOLA FINDLAY AMY BRYCE ICE SKAT HUBXCDFE9530D01CEF 090128 10 27NOV25 10:09 | C99: Bank transfer | D99: Skating | E99: 10 | G99: 10 | P99: =SUM(F99:O99) -> 10
A100: 45992 | B100: RHONA FERRANS FERRANS - MOVIES 251130220850503587 873764 10 30NOV25 22:08 | C100: Bank transfer | D100: Cinema X2 | E100: 14 | G100: 14 | P100: =SUM(F100:O100) -> 14
A101: 45992 | C101: Cash | D101: Cinema X2 | E101: 20 | G101: 20 | P101: =SUM(F101:O101) -> 20
...

Sheet Expenditure
A1: EXPENDITURE
A3: Unit: | E3: ='Income '!B3 -> 1st Alva Guides
A4: Charity number: | E4: ='Income '!B4 -> SC040382
A5: Year end date: | E5: ='Income '!B5 -> 31st March 2026
A6: Date | E6: Payee | F6: Method | G6: Reference | H6: Meeting expenses | I6: Membership subscriptions | J6: Property costs and rent | K6: Unit Fundraising | L6: 3rd Party Fundraising | M6: Trips | N6: Residential events | O6: Admin, stationery / postage | P6: Training | Q6: Badges and resources | R6: Miscellaneous expenditure | S6: TOTAL | T6: check total | U6: drift
A7: TOTAL | H7: =SUM(H8:H310) -> 801.72 | I7: =SUM(I8:I231) -> 1566 | J7: =SUM(J8:J231) -> 677 | K7: =SUM(K8:K231) -> 0 | L7: =SUM(L8:L231) -> 0 | M7: =SUM(M8:M231) -> 871 | N7: =SUM(N8:N231) -> 6.23 | O7: =SUM(O8:O231) -> 10.99 | P7: =SUM(P8:P231) -> 0 | Q7: =SUM(Q10:Q231) -> 406.99 | R7: =SUM(R8:R231) -> 8.42 | S7: =SUM(H7:R7) -> 4348.35 | T7: =SUM(S8:S70) -> 4348.35 | U7: =S7-T7 -> 0
A8: 45770 | B8: DEB | C8: WWW.GIRLGUIDINGSCO CD 9914 | D8: 15.28 | E8: Food for meeting Aldi | F8: Cash | H8: 15.28 | S8: =SUM(H8:R8) -> 15.28
A9: 45773 | D9: 7.99 | E9: Pouches from Amazon | F9: Cash | O9: 7.99 | S9: =SUM(H9:R9) -> 7.99
A10: 45772 | D10: 55.19 | E10: WWW.GIRLGUIDINGSCO CD 9914 | F10: Debit card | Q10: 55.19 | S10: =SUM(H10:R10) -> 55.19
A11: 45776 | B11: DEB | C11: SQ *GIRLGUIDING TA CD 9914 | D11: 60 | E11: SQ *GIRLGUIDING TA CD 9914 | F11: Debit card | M11: 60 | S11: =SUM(H11:R11) -> 60
A12: 45746 | D12: 7 | E12: Accounts | F12: Cash | R12: 7 | S12: =SUM(H12:R12) -> 7
A13: 45778 | B13: DEB | C13: CO-OP GROUP 010411 CD 9914 | D13: 2.81 | E13: CO-OP GROUP 010411 CD 9914 | F13: Debit card | H13: 2.81 | S13: =SUM(H13:R13) -> 2.81
A14: 45783 | B14: DEB | C14: SQ *GIRLGUIDING TA CD 9914 | D14: 20.54 | E14: SQ *GIRLGUIDING TA CD 9914 | F14: Debit card | M14: 20.54 | S14: =SUM(H14:R14) -> 20.54
A15: 45784 | B15: DEB | C15: SQ *GIRLGUIDING TA CD 9914 | D15: 40 | E15: SQ *GIRLGUIDING TA CD 9914 | F15: Debit card | M15: 40 | S15: =SUM(H15:R15) -> 40
A16: 45785 | B16: DEB | C16: WWW.GIRLGUIDINGSCO CD 9914 | D16: 43.49 | E16: WWW.GIRLGUIDINGSCO CD 9914 | F16: Debit card | Q16: 43.49 | S16: =SUM(H16:R16) -> 43.49
A17: 45785 | B17: DEB | C17: SQ *GIRLGUIDING TA CD 9914 | D17: 40 | E17: SQ *GIRLGUIDING TA CD 9914 | F17: Debit card | M17: 40 | S17: =SUM(H17:R17) -> 40
A18: 45785 | B18: DEB | C18: SQ *GIRLGUIDING TA CD 9914 | D18: 5.32 | E18: SQ *GIRLGUIDING TA CD 9914 | F18: Debit card | M18: 5.32 | S18: =SUM(H18:R18) -> 5.32
A19: 45790 | D19: 20.86 | E19: Sives from Amazon | F19: Cash | H19: 20.86 | S19: =SUM(H19:R19) -> 20.86
A20: 45792 | B20: CHQ | C20: 11712 | D20: 294 | E20: 11712 (Hall Rent) | F20: Cheque | J20: 294 | S20: =SUM(H20:R20) -> 294
A21: 45805 | B21: DEB | C21: SQ *GIRLGUIDING TA CD 9914 | D21: 180 | E21: SQ *GIRLGUIDING TA CD 9914 | F21: Debit card | M21: 180 | S21: =SUM(H21:R21) -> 180
A22: 45838 | B22: CHQ | C22: 11713 | D22: 366 | E22: 11713 (CR Cats) | F22: Cheque | J22: 213 | M22: 153 | S22: =SUM(H22:R22) -> 366
A23: 45882 | B23: DEB | C23: WM MORRISONS STORE CD 9914 | D23: 36.09 | E23: WM MORRISONS STORE CD 9914 | F23: Debit card | H23: 36.09 | S23: =SUM(H23:R23) -> 36.09
A24: 45882 | B24: DEB | C24: GIRLGUIDING TRADIN CD 9914 | D24: 27 | E24: GIRLGUIDING TRADIN CD 9914 | F24: Debit card | Q24: 27 | S24: =SUM(H24:R24) -> 27
A25: 45885 | D25: 6.23 | E25: hot chocolate from camp | F25: Cash | N25: 6.23 | S25: =SUM(H25:R25) -> 6.23
A26: 45888 | D26: 3 | E26: Tape from works | F26: Cash | O26: 3 | S26: =SUM(H26:R26) -> 3
A27: 45889 | D27: 7.5 | E27: tennis balls from B&M | F27: Cash | H27: 7.5 | S27: =SUM(H27:R27) -> 7.5
A28: 45897 | B28: DEB | C28: GIRLGUIDING TRADIN CD 9914 | D28: 22.65 | E28: GIRLGUIDING TRADIN CD 9914 | F28: Debit card | Q28: 22.65 | S28: =SUM(H28:R28) -> 22.65
A29: 45898 | B29: DEB | C29: AMAZON* R43MI07C4 CD 9914 | D29: 25.47 | E29: AMAZON* R43MI07C4 CD 9914 | F29: Debit card | H29: 25.47 | S29: =SUM(H29:R29) -> 25.47
A30: 45909 | B30: DEB | C30: AMAZON* ZT7W11RV4 CD 9914 | D30: 29.97 | E30: AMAZON* ZT7W11RV4 CD 9914 | F30: Debit card | H30: 29.97 | S30: =SUM(H30:R30) -> 29.97
A31: 45910 | B31: DEB | C31: AMAZON* Z82VT44M4 CD 9914 | D31: 24.99 | E31: AMAZON* Z82VT44M4 CD 9914 | F31: Debit card | H31: 24.99 | S31: =SUM(H31:R31) -> 24.99
A32: 45911 | B32: DEB | C32: GIRLGUIDING TRADIN CD 9914 | D32: 27.1 | E32: GIRLGUIDING TRADIN CD 9914 | F32: Debit card | Q32: 27.1 | S32: =SUM(H32:R32) -> 27.1
A33: 45915 | B33: DEB | C33: WM MORRISONS STORE CD 9914 13SEP25 | D33: 185.37 | E33: WM MORRISONS STORE CD 9914 13SEP25 | F33: Debit card | M33: 185.37 | S33: =SUM(H33:R33) -> 185.37
A34: 45915 | B34: DEB | C34: WM MORRISONS STORE CD 9914 13SEP25 | D34: 13.63 | E34: WM MORRISONS STORE CD 9914 13SEP25 | F34: Debit card | M34: 13.63 | S34: =SUM(H34:R34) -> 13.63
A35: 45931 | B35: DEB | C35: TESCO STORES 2040 CD 9914 | D35: 17.08 | E35: TESCO STORES 2040 CD 9914 | F35: Debit card | M35: 17.08 | S35: =SUM(H35:R35) -> 17.08
A36: 45938 | B36: DEB | C36: B&M 406 - ALLOA CD 9914 | D36: 4.4 | E36: B&M 406 - ALLOA CD 9914 | F36: Debit card | M36: 4.4 | S36: =SUM(H36:R36) -> 4.4
A37: 45938 | B37: DEB | C37: WM MORRISONS STORE CD 9914 | D37: 1.75 | E37: WM MORRISONS STORE CD 9914 | F37: Debit card | M37: 1.75 | S37: =SUM(H37:R37) -> 1.75
A38: 45957 | D38: 17.4 | E38: unit meeting activity Morrisons | F38: Cash | H38: 17.4 | S38: =SUM(H38:R38) -> 17.4
A39: 45957 | D39: 1.6 | E39: Higgetly Pigelty | F39: Cash | H39: 1.6 | S39: =SUM(H39:R39) -> 1.6
A40: 45958 | B40: DEB | C40: WM MORRISONS STORE CD 9914 | D40: 17.4 | E40: WM MORRISONS STORE CD 9914 | F40: Debit card | M40: 17.4 | S40: =SUM(H40:R40) -> 17.4
A41: 45958 | B41: DEB | C41: B&M 406 - ALLOA CD 9914 | D41: 10.46 | E41: B&M 406 - ALLOA CD 9914 | F41: Debit card | M41: 10.46 | S41: =SUM(H41:R41) -> 10.46
A42: 45965 | B42: DEB | C42: AMAZON* 123LX4TU5 CD 9914 | D42: 3.05 | E42: AMAZON* 123LX4TU5 CD 9914 | F42: Debit card | M42: 3.05 | S42: =SUM(H42:R42) -> 3.05
A43: 45972 | B43: CHQ | C43: 11714 | D43: 170 | E43: 11714 (CR Cats Rent) | F43: Cheque | J43: 170 | S43: =SUM(H43:R43) -> 170
A44: 45984 | D44: 28 | E44: Badges from Guide shop | F44: Cash | Q44: 28 | S44: =SUM(H44:R44) -> 28
A45: 45984 | D45: 22 | E45: Badges from Guide shop | F45: Cash | Q45: 22 | S45: =SUM(H45:R45) -> 22
A46: 46006 | B46: CHQ | C46: 11715 | D46: 291.5 | E46: 11715 (M Ledbetter Reimburced) | F46: Cheque | H46: 291.5 | S46: =SUM(H46:R46) -> 291.5
A47: 46014 | B47: FPO | C47: GIRLGUIDING HILLFO 200000001683757740 CINEMA AVLA 831515 10 23DEC25 17:13 | D47: 112 | E47: GIRLGUIDING HILLFO 200000001683757740 CINEMA AVLA 831515 10 23DEC25 17:13 | F47: Debit card | M47: 112 | S47: =SUM(H47:R47) -> 112
A48: 46015 | B48: FPO | C48: GIRLGUIDING HILLFO 500000001688586599 CINEMA AVLA 831515 10 24DEC25 21:58 | D48: 7 | E48: GIRLGUIDING HILLFO 500000001688586599 CINEMA AVLA 831515 10 24DEC25 21:58 | F48: Debit card | M48: 7 | S48: =SUM(H48:R48) -> 7
A49: 46028 | B49: FPO | C49: THE GUIDE ASSOCIAT 600000001694561848 1578 089299 10 06JAN26 18:30 | D49: 102 | E49: THE GUIDE ASSOCIAT 600000001694561848 1578 089299 10 06JAN26 18:30 | F49: Debit card | Q49: 102 | S49: =SUM(H49:R49) -> 102
A50: 46034 | B50: PAY | C50: SERVICE CHARGES REF : 474289963 | D50: 0.5 | E50: SERVICE CHARGES REF : 474289963 | F50: Debit card | R50: 0.5 | S50: =SUM(H50:R50) -> 0.5
A51: 46034 | B51: DEB | C51: FlyingTiger Stirl CD 5518 11JAN26 | D51: 7.2 | E51: FlyingTiger Stirl CD 5518 11JAN26 | F51: Debit card | H51: 7.2 | S51: =SUM(H51:R51) -> 7.2
A52: 46036 | B52: FPO | C52: JOYCE BELL 300000001702243818 PAYMENT ETSY 832108 10 14JAN26 19:33 | D52: 11.46 | E52: JOYCE BELL 300000001702243818 PAYMENT ETSY 832108 10 14JAN26 19:33 | F52: Debit card | H52: 11.46 | S52: =SUM(H52:R52) -> 11.46
A53: 46042 | B53: FPO | C53: JOYCE BELL 200000001697834499 CHRISTMAS 832108 10 20JAN26 14:59 | D53: 43.63 | E53: JOYCE BELL 200000001697834499 CHRISTMAS 832108 10 20JAN26 14:59 | F53: Debit card | H53: 43.63 | S53: =SUM(H53:R53) -> 43.63
A54: 46043 | B54: DEB | C54: WM MORRISONS STORE CD 5518 | D54: 22.5 | E54: WM MORRISONS STORE CD 5518 | F54: Debit card | H54: 22.5 | S54: =SUM(H54:R54) -> 22.5
A55: 46048 | B55: FPO | C55: GIRLGUIDING DUNDEE 400000001709454949 MOIRA BADGES 802260 10 25JAN26 18:26 | D55: 49.5 | E55: GIRLGUIDING DUNDEE 400000001709454949 MOIRA BADGES 802260 10 25JAN26 18:26 | F55: Debit card | Q55: 49.5 | S55: =SUM(H55:R55) -> 49.5
A56: 46050 | D56: 33.13 | E56: JOYCE BELL 400000001711254696 BURNS | F56: Bank transfer | H56: 33.13 | S56: =SUM(H56:R56) -> 33.13
A57: 46051 | D57: 35 | E57: GIRLGUIDING HILLFO 400000001711862157 BONFIRE | F57: Bank transfer | H57: 35 | S57: =SUM(H57:R57) -> 35
A58: 46055 | B58: DEB | C58: AMAZON* 3E2QJ2Y05 CD 5518 | D58: 12.47 | E58: AMAZON* 3E2QJ2Y05 CD 5518 | F58: Bank transfer | H58: 12.47 | S58: =SUM(H58:R58) -> 12.47
A59: 46055 | B59: DEB | C59: Hobbycraft Trading CD 5518 01FEB26 | D59: 20 | E59: Hobbycraft Trading CD 5518 01FEB26 | F59: Bank transfer | H59: 20 | S59: =SUM(H59:R59) -> 20
A60: 46057 | B60: DEB | C60: ALDI 3 777 CD 5518 | D60: 17.2 | E60: ALDI 3 777 CD 5518 | F60: Bank transfer | H60: 17.2 | S60: =SUM(H60:R60) -> 17.2
A61: 46069 | B61: DEB | C61: FABRIC LAND RECEIP CD 5518 | D61: 17.99 | E61: FABRIC LAND RECEIP CD 5518 | F61: Bank transfer | H61: 17.99 | S61: =SUM(H61:R61) -> 17.99
A62: 46069 | B62: PAY | C62: SERVICE CHARGES REF : 476742196 | D62: 0.92 | E62: SERVICE CHARGES REF : 476742196 | F62: Bank transfer | R62: 0.92 | S62: =SUM(H62:R62) -> 0.92
A63: 46069 | B63: FPO | C63: GIRLGUIDING DUNDEE 600000001716239941 MOIRA BADGES 802260 10 15FEB26 15:17 | D63: 30.06 | E63: GIRLGUIDING DUNDEE 600000001716239941 MOIRA BADGES 802260 10 15FEB26 15:17 | F63: Bank transfer | Q63: 30.06 | S63: =SUM(H63:R63) -> 30.06
A64: 46076 | B64: DEB | C64: WM MORRISONS STORE CD 5518 21FEB26 | D64: 42.64 | E64: WM MORRISONS STORE CD 5518 21FEB26 | F64: Bank transfer | H64: 42.64 | S64: =SUM(H64:R64) -> 42.64
A65: 46076 | B65: DEB | C65: B&M 753 SPRINGKERS CD 5518 21FEB26 | D65: 20.03 | E65: B&M 753 SPRINGKERS CD 5518 21FEB26 | F65: Bank transfer | H65: 20.03 | S65: =SUM(H65:R65) -> 20.03
A66: 46079 | B66: DEB | C66: GIRLGUIDING MEMBER CD 5518 | D66: 1566 | E66: GIRLGUIDING MEMBER CD 5518 | F66: Bank transfer | I66: 1566 | S66: =SUM(H66:R66) -> 1566
A67: 46111 | D67: 45 | E67: Susan Curie | F67: Bank transfer | H67: 45 | S67: =SUM(H67:R67) -> 45
S68: =SUM(H68:R68) -> 0
S69: =SUM(H69:R69) -> 0
S70: =SUM(H70:R70) -> 0
S71: =SUM(H71:R71) -> 0
S72: =SUM(H72:R72) -> 0

Sheet Statement of Income & Payments
A1: Receipts and Payments Account
A3: For the Year ended | B3: ='Income '!B5 -> 31st March 2026
A4: Unit name | B4: ='Income '!B3 -> 1st Alva Guides
A5: Charity Number | B5: ='Income '!B4 -> SC040382
B7: 2025 | D7: 2024
A8: Receipts
A9: Membership Subscriptions | B9: ='Income '!F7 -> 3015 | D9: 0
A10: Donations received | B10: ='Income '!L7 -> 20.18 | D10: 0
A11: Unit Fundraising | B11: ='Income '!J7 -> 0 | D11: 0
A12: 3rd Party Fundraising | B12: ='Income '!I7 -> 0 | D12: 0
A13: Bank Interest | B13: ='Income '!K7 -> 0 | D13: 0
A14: Gift Aid | B14: ='Income '!M7 -> 0 | D14: 0
A15: Trips | B15: ='Income '!G7 -> 1539 | D15: 0
A16: Grants received | B16: ='Income '!N7 -> 0 | D16: 0
A17: Residential events | B17: ='Income '!H7 -> 0 | D17: 0
A18: Miscellaneous Income | B18: ='Income '!O7 -> 21.7 | D18: 0
A19: Total Receipts | B19: =SUM(B9:B18) -> 4595.88 | D19: =SUM(D9:D18) -> 0
A21: Payments
A22: Fundraising expenses
A23: Unit fundraising | B23: =Expenditure!K7 -> 0 | D23: 0
A24: 3rd Party Fundraising/Donation | B24: =Expenditure!L7 -> 0 | D24: 0
A26: Payments for charitable activities
A27: Subscriptions | B27: =Expenditure!I7 -> 1566 | D27: 0
A28: Meeting expenses | B28: =Expenditure!H7 -> 801.72
A29: Property costs/rent | B29: =Expenditure!J7 -> 677 | D29: 0
A30: Trips | B30: =Expenditure!M7 -> 871 | D30: 0
A31: Residential events | B31: =Expenditure!N7 -> 6.23 | D31: 0
A32: Admin/Postage & Stationery | B32: =Expenditure!O7 -> 10.99 | D32: 0
A33: Training | B33: =Expenditure!P7 -> 0 | D33: 0
A34: Badges & Resources | B34: =Expenditure!Q7 -> 406.99 | D34: 0
A35: Miscellaneous Expenditure | B35: =Expenditure!R7 -> 8.42 | D35: 0
A36: Total Payments | B36: =SUM(B23:B35) -> 4348.35 | D36: =SUM(D23:D35) -> 0
A38: Surplus/(Deficit) for year | B38: =SUM(B19-B36) -> 247.53 | D38: =SUM(D19-D36) -> 0

Sheet Statement of Balances
A1: Statement of balances
A3: For the year ended | B3: ='Income '!B5 -> 31st March 2026
A4: ='Statement of Income & Payments'!A4 -> Unit name | B4: ='Income '!B3 -> 1st Alva Guides
A5: Charity Number | B5: ='Income '!B4 -> SC040382
B7: 2026 | D7: 2025
A8: Opening Balances
A9: Cash | B9: 126.54
A10: Bank | B10: 1863.46
A12: Surplus/(Deficit) for year | B12: ='Statement of Income & Payments'!B38 -> 247.53 | D12: ='Statement of Income & Payments'!D38 -> 0
A13: Total | B13: =SUM(B9+B10+B12) -> 2237.53 | D13: =SUM(D9+D10+D12) -> 0
A16: Closing Balances
A17: Cash | B17: 38.65 | D17: 0
A18: Bank | B18: 2200.85 | D18: 0
A19: less outstanding cheques | B19: 0 | D19: 0
A20: Total | B20: =SUM(B17+B18-B19) -> 2239.5 | D20: =SUM(D17+D18-D19) -> 0
A22: Assets & Liabilities:
A23: In addition to the above cash & bank balances, the unit has equipment to the value of: | D23: 0
A26: Prepared by (signature): _______________________________ | B26: James Templeman | D26: Unit Leader
A28: Date: ___________________________ | B28: 46202

Sheet Trustees Report
A1: Trustees Annual Report
A3: For year ended: | B3: ='Income '!B5 -> 31st March 2026
A5: Charity (Unit) Name: | B5: ='Income '!B3 -> 1st Alva Guides
A7: Charity Number | B7: ='Income '!B4 -> SC040382
A9: District | B9: INSERT DISTRICT
A10: Division | B10: INSERT DIVISION
A12: Charity Trustees | B12: Unit leader: | C12: Moira Ledbetter
B13: Unit / assistant leader: | C13: Joyce Bell
C14: James Templeman
C15: Louise Crookshank
B17: ADD IN ADDITIONAL ROWS IF REQUIRED
A19: Charity Address | B19: 67 Erskin Street
B20: Alva
B21: FK12 5LU
A24: The above charity (unit) is an unincorporated association. It has no written constitution, but operates in accordance with the policies and procedures, published by Girlguiding, the operating name of the Guide Association.
A26: Its trustees are the volunteer adult leaders trained and appointed as per the Girlguiding policies and procedures. Update training is available throughout the year.
A28: The charity's aim is to deliver a programme of informal education in accordance with the ethos and principles of Girlguiding. During the above period the charity provided this programme to X girls.
A29: The charity's main income is subscription income. The charity aims to hold sufficient cash funds to meet all expenditure due and anticipated during a 2 month period. If the accounts for the year differ substantially from those of the previous year, add in a short explanation as to why (for example, a trip or large camp).
A30: During the year the trustees did not receive any remuneration.
A32: Signed on behalf of the trustees by
A36: Signature | E36: Date:
A37: James Templeman | E37: 46202
A39: Name:
A40: James Templeman

Sheet Ind Examiner Report
A1: Independent examiners report
A2: For the year ended | C2: ='Income '!B5 -> 31st March 2026
A3: For | C3: ='Income '!B3 -> 1st Alva Guides
A4: Charity number | C4: ='Income '!B4 -> SC040382
A6: Respective responsibilities of trustees and examiner
A7: The charity’s trustees are responsible for the preparation of the accounts in accordance with the terms of the Charities and Trustee Investment (Scotland) 2005 Act and the Charities Accounts (Scotland) Regulations 2006. The charity trustees consider that the audit requirement of Regulation 10(1) (a) to (c) of the Accounts Regulations does not apply. It is my responsibility to examine the accounts as required under section 44(1) (c) of the Act and to state whether particular matters have come to my attention.
A9: Basis of Independent Examiners Statement
A10: My examination is carried out in accordance with Regulation 11 of the Charities Accounts (Scotland) Regulations 2006. An examination includes a review of the accounting records kept by the charity and a comparison of the accounts presented with those records. It also includes consideration of any unusual items or disclosures in the accounts and seeks explanations from the trustees concerning any such matters. The procedures undertaken do not provide all the evidence that would be required in an audit and, consequently, I do not express an audit opinion on the accounts.
A12: Independent Examiners Statement
A13: In the course of my examination, no matter has come to my attention
A15: 1 | B15: which gives me reasonable cause to believe that in any material respect the requirements:
A16: • | B16: to keep accounting records in accordance with section 44(1) (a) of the 2005 Act and Regulation 4 of the 2006 Accounts Regulations, and
A17: • | B17: to prepare accounts which accord with the accounting records and comply with Regulation 9 of the 2006 Accounts Regulations
A19: have not been met, or
A21: 2 | B21: to which, in my opinion, attention should be drawn in order to enable a proper understanding of the accounts to be reached.
B24: Clare Abel | G24: 46202
A25: ____________________________ | G25: ____________
A26: Signature | G26: Date
A29: Name: | C29: Clare Abel
A32: Address: | C32: 2 Galan
C33: Alloa
C34: FK10 1RJ
